Reakly vs Dumais

Match 20865275
End
Engineer Squad
Selects Armored Battlegroup
Selects Assault Engineers
Assault Engineer Squad
Assault Engineer Squad
Assault Engineer Squad
Mechanized Support Center
Construct Weapon Support Center
M16 Multiple Gun Motor Carriage
Selects Fast Deploy
Construct Medical Station
Bazooka Squad
Sniper
Construct Tank Depot
Selects Seek and Destroy
Selects UNKNOWN (2160077)
M4A3E8 Sherman Easy Eight
Seek and Destroy
Bazooka Squad
M4A3E8 Sherman Easy Eight
M4A3E8 Sherman Easy Eight
Sniper
Selects Field Repairs
Selects War Machine
Seek and Destroy
M4A3E8 Sherman Easy Eight
Field Repairs
M4A3E8 Sherman Easy Eight
M4A3E8 Sherman Easy Eight
Reakly
Dumais
0
0

Comments sign in to comment!

No comments posted yet!